 Dungeon Crawl Stone Soup version 0.27-a0-1136-g0b992a5a9d (webtiles) character file.

Game seed: 1282462228383619524

88 kae the Chopper (level 4, -2/41 HPs)
             Began as a Hill Orc Fighter on May 4, 2021.
             Slain by an orc priest
             ... wielding a +0 trident
              (4 damage)
             ... on level 3 of the Dungeon.
             The game lasted 00:01:35 (2242 turns).

kae the Chopper (Hill Orc Fighter)                  Turns: 2242, Time: 00:01:36

Health: -2/41      AC: 10    Str: 19    XL:     4   Next: 53%
Magic:  4/4        EV:  7    Int:  8    God:
Gold:   37         SH:  0    Dex: 10    Spells: 3/3 levels left

rFire    . . .     SeeInvis .   a - +0 war axe
rCold    . . .     Faith    .   (no shield)
rNeg     . . .     Spirit   .   k - +1 chain mail
rPois    .         Reflect  .   (no helmet)
rElec    .         Harm     .   (no cloak)
rCorr    .         Rampage  .   (no gloves)
Will     .....                  (no boots)
Stlth    ..........             (no amulet)
HPRegen  0.13/turn              (no ring)
MPRegen  0.09/turn              (no ring)

@: confused, mighty
A: no striking features
a: Convert to Beogh


You were on level 3 of the Dungeon.
You visited 1 branch of the dungeon, and saw 3 of its levels.

You collected 128 gold pieces.
You spent 91 gold pieces at shops.

Inventory:

Hand Weapons
 a - a +0 war axe (weapon)
Missiles
 g - a throwing net (quivered)
Armour
 k - a +1 chain mail (worn)
Scrolls
 c - a scroll of identify
Potions
 b - a potion of haste {unknown}
 d - a potion of might
 f - 2 potions of brilliance
 h - a potion of resistance
 i - a potion of degeneration {unknown}


   Skills:
 + Level 4.4 Fighting
 * Level 4.8 Axes
 + Level 3.9 Armour
 - Level 3.2 Shields


You had 3 spell levels left.
You didn't know any spells.
Your spell library contained the following spells:

 Spells                   Type           Power      Damage    Failure   Level
 Magic Dart               Conj           0%         1d3       99%         1
 Summon Small Mammal      Summ           0%         N/A       99%         1
 Blink                    Tloc           N/A        N/A       100%        2
 Call Imp                 Summ           0%         N/A       100%        2
 Slow                     Hex            0%         N/A       100%        2
 Call Canine Familiar     Summ           0%         N/A       100%        3
 Conjure Flame            Conj/Fire      0%         6-21      100%        3
 Mephitic Cloud           Conj/Pois/Air  0%         N/A       100%        3
 Summon Guardian Golem    Hex/Summ       0%         N/A       100%        3
 Summon Ice Beast         Ice/Summ       0%         N/A       100%        4
 Summon Lightning Spire   Summ/Air       0%         N/A       100%        4


Dungeon Overview and Level Annotations

Branches:
Dungeon (3/15)

Altars:

Shops:
D:3 *


Message History

You are too injured to fight recklessly!
You are too injured to fight recklessly!
You are too injured to fight recklessly!
You are too injured to fight recklessly!
You barely miss the orc priest. You hit the orc wizard.
The orc priest mumbles some strange prayers to Beogh against you.
Beogh smites you!
* * * LOW HITPOINT WARNING * * *
The orc wizard hits you but does no damage.
The orc priest barely misses you.
You closely miss the orc priest. You closely miss the orc wizard.
The orc wizard barely misses you. The orc priest closely misses you.
You feel much better.
The orc wizard hits you but does no damage.
The orc priest hits you with a +0 trident.
You feel very mighty all of a sudden.
The orc wizard gestures at you while chanting.
You are confused.
The orc priest mumbles some strange prayers to Beogh against you.
Beogh smites you! The orc wizard casts a spell at you.
You are more confused.
The orc priest invokes the aid of Beogh against you.
Beogh smites you!
* * * LOW HITPOINT WARNING * * *
The orc wizard hits you with a +0 dagger.
* * * LOW HITPOINT WARNING * * *
The orc priest hits you but does no damage.
You see here a +0 hand axe.
You hit the orc priest but do no damage.
The orc priest threatens, "By the altar or by the axe, you will meet Beogh!"
You closely miss the orc wizard.
The orc wizard points at you and mumbles some strange words.
You resist with some effort.
The orc priest hits you with a +0 trident.
* * * LOW HITPOINT WARNING * * *
The orc wizard closely misses you.
You miss the orc priest. You miss the orc wizard.
The orc priest hits you with a +0 trident.
You die...

###.#.# #. ##.....#
.# #######).....#
.# #............#
.##....<.......#
.#...>..#.....#
#o##........#.#####
#o#########........
#o@........>.......
###################
#.#### #.....


You could see an orc priest, an orc wizard and an orc.

Vanquished Creatures
  2 adders
  A worm (D:3)
  3 dart slugs
  An orc (D:3)
  2 ball pythons
  10 endoplasms
  5 goblins
  3 hobgoblins
  4 jackals (D:3)
  4 kobolds
  5 quokkas
  7 bats
  5 frilled lizards
  3 rats (D:1)
55 creatures vanquished.

Notes
Turn   | Place    | Note
-------+----------+-------------------------------------------
     0 | D:1      | kae the Hill Orc Fighter began the quest for the Orb.
     0 | D:1      | Reached XP level 1. HP: 19/19 MP: 1/1
   299 | D:1      | Reached XP level 2. HP: 27/27 MP: 2/2
   671 | D:1      | Reached XP level 3. HP: 33/33 MP: 3/3
  1604 | D:2      | Reached XP level 4. HP: 34/40 MP: 4/4
  1729 | D:3      | Found Jeaxon's Assorted Antiques.
  1737 | D:3      | Bought a golden potion for 22 gold pieces
  1737 | D:3      | Bought a golden potion for 22 gold pieces
  1737 | D:3      | Bought an amethyst potion for 22 gold pieces
  1737 | D:3      | Bought a scroll labelled KUES FIAVVETEH for 25 gold pieces
  2241 | D:3      | HP: 2/41 [orc priest/+0 trident (2)]
  2242 | D:3      | Slain by an orc priest

Illustrated notes

Levels and vault maps discovered:
D:1:      amcnicky_arrival_underground_garden, layout_rooms
D:2:      layout_rooms, hangedman_glass_teeth, minmay_tromino_v2
D:3:      layout_loops_ring, marbit_many_paths, serial_shops, shop

Skill      XL: |  1  2  3 |
---------------+----------+-----
Axes           | 3 4 |  4.8
Fighting       | 4 |  4.4
Armour         | |  3.9
Shields        | |  3.2

Action                   |  1- 3 |  4- 6 || total
-------------------------+-------+-------++-------
Melee: War axe           |   114 |    54 ||   168
  Use: Scroll            |     3 |     3 ||     6
       Potion            |       |     2 ||     2
Armor: Scale mail        |    72 |    16 ||    88
       Chain mail        |       |    25 ||    25
Dodge: Dodged            |    59 |    25 ||    84
Block: Kite shield       |    16 |       ||    16

Table legend: (Time is in decaauts)
 A = Elapsed time spent in this place.
 B = Non-inter-level travel time spent in this place.
 C = Inter-level travel time spent in this place.
 D = Time resting spent in this place.
 E = Time spent auto-exploring this place.
 F = Levels seen in this place.
 G = Mean time per level.
                   A        B        C        D        E       F      G
               +--------+--------+--------+--------+--------+-----+--------+
         Total |   2298 |   2251 |     47 |      6 |   1811 |   3 |  766.0 |
       Dungeon |   2298 |   2251 |     47 |      6 |   1811 |   3 |  766.0 |
               +--------+--------+--------+--------+--------+-----+--------+

Top non-repeatable levels by time:
     D:1: 1016 daAuts
     D:2: 745 daAuts
     D:3: 536 daAuts
